 Dungeon Crawl Stone Soup version 0.21.0-24-g2553a33 (webtiles) character file.

723 Hubbles the Sneak (level 7, -4/39 HPs)
             Began as a Spriggan Air Elementalist on Jan 19, 2018.
             Was an Initiate of Dithmenos.
             Slain by an orc warrior
             ... wielding a +0 short sword
              (20 damage)
             ... on level 5 of the Dungeon.
             The game lasted 00:19:08 (7170 turns).

Hubbles the Sneak (Spriggan Air Elementalist)       Turns: 7170, Time: 00:19:08

Health: -4/39      AC:  2    Str:  4    XL:     7   Next: 43%
Magic:  1/12       EV: 21    Int: 16    God:    Dithmenos [......]
Gold:   241        SH:  4    Dex: 19    Spells: 10/11 levels left

rFire    . . .     SeeInvis +   a - +0 rapier
rCold    . . .     Gourm    .   (shield restricted)
rNeg     . . .     Faith    .   g - +0 robe
rPois    +         Spirit   .   (helmet restricted)
rElec    .         Reflect  +   (no cloak)
rCorr    .         Harm     .   (gloves unavailable)
MR       +....                  (boots unavailable)
Stlth    +++++.....             h - +4 amulet of reflection
HPRegen  0.13/turn              e - ring of poison resistance
MPRegen  0.13/turn              r - ring of stealth

@: very slightly contaminated, very quick
A: very small, unfitting armour, see invisible, blink, herbivore, speed 3,
robust 2, slow metabolism 2
a: Blink, Renounce Religion


You were on level 5 of the Dungeon.
You worshipped Dithmenos.
Dithmenos was noncommittal.
You were not hungry.

You visited 2 branches of the dungeon, and saw 6 of its levels.

You collected 241 gold pieces.

Inventory:

Hand Weapons
 a - a +0 rapier (weapon)
 b - a +0 blowgun
 c - a +1 dagger
Missiles
 n - 3 poisoned needles
Armour
 g - a +0 robe (worn)
Jewellery
 e - a ring of poison resistance (left hand)
 h - a +4 amulet of reflection (around neck)
 r - a ring of stealth (right hand)
Scrolls
 f - a scroll of fear
 m - 2 scrolls of remove curse
 q - a scroll of amnesia
Potions
 d - 2 potions of curing
 i - a potion of flight
 j - a potion of cancellation {unknown}
 o - 3 potions of brilliance
 p - a potion of berserk rage
Books
 l - a book of Air

   Spells                             Type                      Level
   a - Shock                          Conjuration/Air              1
   b - Swiftness                      Charms/Air                   2
   c - Static Discharge               Conjuration/Air              3
   d - Airstrike                      Air                          4
   e - Lightning Bolt                 Conjuration/Air              5
 s - a book of Frost

   Spells                             Type                      Level
   a - Freeze                         Ice                          1
   b - Throw Frost                    Conjuration/Ice              2
   c - Ozocubu's Armour               Charms/Ice                   3
   d - Throw Icicle                   Conjuration/Ice              4
   e - Summon Ice Beast               Ice/Summoning                4


   Skills:
 - Level 1.0 Fighting
 * Level 6.2 Short Blades
 - Level 1.0 Armour
 + Level 5.1 Dodging
 + Level 7.3 Stealth
 - Level 2.6 Spellcasting
 - Level 0.6 Conjurations
 - Level 2.6 Air Magic


You had 10 spell levels left.
You knew the following spells:

 Your Spells              Type           Power        Failure   Level  Hunger
a - Shock                 Conj/Air       #...         10%         1    #......


Dungeon Overview and Level Annotations

Branches:
Dungeon (5/15)             Temple (1/1) D:4

Altars:
Ashenzari
Cheibriados
Dithmenos
Gozag
Kikubaaqudgha
Makhleb
Nemelex Xobeh
Okawaru
Qazlal
Ru
Sif Muna
Trog
Uskayaw
Vehumet
Wu Jian
Xom
Yredelemnul
Zin
The Shining One

Annotations:
D:3 mantisjm's ghost, amateur MfSk


Innate Abilities, Weirdness & Mutations

You are very small and have problems with some larger weapons.
You are too small for most types of armour.
You have supernaturally acute eyesight. (SInv)
You are a herbivore.
You cover ground extremely quickly.
You need consume almost no food.
You can translocate small distances at will.
You are very robust. (+20% HP)


Message History

The orc warrior hits you with a short sword!!
Ouch! That really hurt!
Casting: Shock
Confirm with . or Enter, or press ? or * to list all spells.
Aiming: Shock
Press: ? - help, Shift-Dir - straight line, f/p - orc warrior
Aim: an orc warrior, wielding a short sword and wearing a chain mail (severely wounded)
The zap misses the orc warrior.
The zap hits the orc warrior.
The orc warrior is severely wounded.
You block the orc warrior's attack.
Casting: Shock
Confirm with . or Enter, or press ? or * to list all spells.
Aiming: Shock
Press: ? - help, Shift-Dir - straight line, f/p - orc warrior
Aim: an orc warrior, wielding a short sword and wearing a chain mail (severely wounded)
The zap hits the orc warrior.
The orc warrior is almost dead.
The orc warrior hits you with a short sword!!
Ouch! That really hurt!
You die...

## #.# #># .#
#.# #.# .# #(#
##.## .# #(#
##...## .# #(#
#.....# .# #.#
##....# .#
#.##### ##..##
##
#.).o.######.#
#####@.......#
##########


You could see an orc warrior.

Vanquished Creatures
  Edmund (D:4)
  An ogre (D:4)
  A hound (D:4)
  2 jellies
  An orc priest (D:4)
  2 orc wizards
  Ijyb (D:2)
  An iguana (D:4)
  3 worker ants
  4 gnolls
  9 adders
  An adder skeleton (D:4)
  A worm (D:4)
  A dart slug (D:1)
  4 leopard geckos
  17 orcs
  4 giant cockroaches
  2 gnoll zombies (D:3)
  4 goblins
  7 hobgoblins
  5 jackals
  2 quokkas
  7 bats
  5 frilled lizards
  7 kobolds
  A quokka skeleton (D:4)
  8 rats
102 creatures vanquished.

Vanquished Creatures (others)
  An orc (D:4)
1 creature vanquished.

Grand Total: 103 creatures vanquished

Notes
Turn   | Place    | Note
-------+----------+-------------------------------------------
     0 | D:1      | Hubbles the Spriggan Air Elementalist began the quest for the Orb.
     0 | D:1      | Reached XP level 1. HP: 9/9 MP: 5/5
   487 | D:1      | Reached XP level 2. HP: 12/14 MP: 1/6
   854 | D:1      | Reached skill level 1 in Fighting
  1328 | D:1      | Reached skill level 1 in Armour
  1467 | D:2      | Reached XP level 3. HP: 16/18 MP: 5/8
  1562 | D:2      | Reached skill level 1 in Short Blades
  1740 | D:2      | Reached skill level 4 in Stealth
  1973 | D:2      | Gained mutation: You are robust. (+10% HP) [potion of mutation]
  1973 | D:2      | Gained mutation: You are very robust. (+20% HP) [potion of mutation]
  1973 | D:2      | Gained mutation: You can translocate small distances at will. [potion of mutation]
  2008 | D:2      | Reached XP level 4. HP: 23/26 MP: 6/9
  3116 | D:3      | Noticed Ijyb
  3367 | D:2      | Killed Ijyb
  3367 | D:2      | Reached skill level 5 in Stealth
  3367 | D:2      | Reached XP level 5. HP: 28/30 MP: 1/10
  3415 | D:3      | Noticed mantisjm's ghost (amateur MfSk)
  3781 | D:3      | Found a sacrificial altar of Ru.
  3781 | D:3      | Found a deep blue altar of Sif Muna.
  3786 | D:3      | Found an iron altar of Okawaru.
  3788 | D:3      | Found a faded altar of an unknown god.
  3789 | D:3      | Found a shattered altar of Ashenzari.
  4213 | D:3      | Found a basalt altar of Yredelemnul.
  4416 | D:4      | Reached XP level 6. HP: 36/36 MP: 8/11
  4616 | D:4      | Reached skill level 6 in Stealth
  5140 | D:4      | Found a staircase to the Ecumenical Temple.
  5165 | Temple   | Entered the Ecumenical Temple
  5322 | D:4      | Reached skill level 5 in Short Blades
  5988 | D:4      | Reached XP level 7. HP: 29/39 MP: 8/12
  6202 | D:4      | Found a glowing golden altar of the Shining One.
  6228 | D:4      | Found a snail-covered altar of Cheibriados.
  6230 | D:4      | Found a hide-covered altar of Uskayaw.
  6230 | D:4      | Found a shadowy altar of Dithmenos.
  6263 | D:5      | Entered Level 5 of the Dungeon
  6753 | D:5      | Reached skill level 7 in Stealth
  6892 | D:5      | Noticed Edmund
  6898 | D:4      | Found a glowing silver altar of Zin.
  6940 | D:4      | Killed Edmund
  6940 | D:4      | Reached skill level 5 in Dodging
  6960 | D:4      | Became a worshipper of Dithmenos the Shadowed
  7170 | D:5      | Slain by an orc warrior

Skill      XL: |  1  2  3  4  5  6  7 |
---------------+----------------------+-----
Fighting       | 1 |  1.0
Armour         | 1 |  1.0
Short Blades   | 1 3 4 5 6 |  6.2
Stealth        | 4 5 6 7 |  7.3
Dodging        | 4 5 |  5.1
Spellcasting   | |  2.6
Conjurations   | |  0.6
Air Magic      | |  2.6

Action                   |  1- 3 |  4- 6 |  7- 9 || total
-------------------------+-------+-------+-------++-------
Melee: Unarmed           |    39 |       |       ||    39
       Dagger            |    96 |   198 |    29 ||   323
       Rapier            |       |       |    27 ||    27
 Fire: Blowgun           |       |    87 |    11 ||    98
 Cast: Shock             |    54 |   104 |    24 ||   182
 Abil: Blink             |       |     2 |       ||     2
Evoke: Wand              |       |     2 |       ||     2
  Use: Scroll            |     8 |     4 |     1 ||    13
       Potion            |     2 |     1 |     1 ||     4
 Stab: Sleeping          |     7 |     6 |     3 ||    16
  Eat: Ration            |       |     2 |     1 ||     3
Armor: Robe              |    23 |    14 |     1 ||    38
Dodge: Dodged            |   155 |   145 |    50 ||   350
Block: Other             |       |    33 |    12 ||    45
       Reflection        |       |     1 |       ||     1
